[Event "Titled Tuesday Blitz April 12 Late 2022"]
[White "Tari, Aryan"]
[Black "Matlakov, Maxim"]
[WhiteFideId "1510045"]
[BlackFideId "4168003"]
[WhiteElo "2567"]
[BlackElo "2669"]
[Result "1-0"]
[Round "09"]
[TimeControl "180+1"]
[Date "2022.04.12"]
[WhiteClock "0:00:12"]
[BlackClock "0:00:07"]

1. e4 c5 2. Nc3 d6 3. f4 g6 4. Nf3 Bg7 5. Bb5+ Bd7 6. Bc4 Nc6 7. d3 e6 8. f5 Nf6 9. fxe6 Bxe6 10. Bxe6 fxe6 11. e5 dxe5 12. Bg5 O-O 13. O-O c4 14. Kh1 cxd3 15. cxd3 Qb6 16. Bxf6 Bxf6 17. Ne4 Be7 18. Qd2 Rf5 19. Qh6 Raf8 20. Rf2 Rh5 21. Qd2 Rhf5 22. Raf1 Nb4 23. Nxe5 Rxf2 24. Rxf2 Rxf2 25. Nxf2 Qd4 26. Nf3 Qd5 27. a3 Nc6 28. Ne4 a5 29. h3 Ne5 30. Nxe5 Qxe5 31. Qc2 Kg7 32. a4 Bd8 33. Qc3 Qxc3 34. bxc3 Be7 35. c4 Kf7 36. g4 e5 37. Kg2 Ke6 38. Kf3 b6 39. Nd2 Kd6 40. Nb3 Ke6 41. Ke4 Bc5 42. Nd2 Kd6 43. Nf3 Bg1 44. Nxg1 1-0


[Site "https://www.chess.com"]

[Event "Titled Tuesday Blitz April 12 Late 2022"]
[White "Vasquez Schroeder, Rodrigo"]
[Black "Koelle, Tobias"]
[WhiteFideId "3400042"]
[BlackFideId "16207378"]
[WhiteElo "2561"]
[BlackElo "2541"]
[Result "0-1"]
[Round "09"]
[TimeControl "180+1"]
[Date "2022.04.12"]
[WhiteClock "0:00:14"]
[BlackClock "0:00:19"]

1. e4 c5 2. Nf3 Nc6 3. Bb5 Nd4 4. Nxd4 cxd4 5. O-O a6 6. Bc4 g6 7. d3 Bg7 8. f4 d6 9. Nd2 Nf6 10. e5 Ng4 11. Nf3 O-O 12. Qe2 Bd7 13. e6 Bc6 14. exf7+ Kh8 15. Ng5 Ne3 16. Bxe3 dxe3 17. Ne6 Qd7 18. Nxg7 Kxg7 19. Qxe3 h6 20. Rae1 d5 21. Qe5+ Kh7 22. Bb3 Rxf7 23. c3 Raf8 24. d4 a5 25. Rf3 Qd6 26. g3 Qxe5 27. Rxe5 Rd8 28. Rfe3 Rd7 29. h4 Kg7 30. Bc2 b5 31. Re6 Rd6 32. Rxe7 b4 33. R3e6 Rxe7 34. Rxd6 Be8 35. cxb4 Re2 36. Bb3 axb4 37. Rxd5 Rxb2 38. Re5 Kf8 39. d5 Bd7 40. Re4 Bg4 41. Rxb4 Bf3 42. Kf1 Ke7 43. Rd4 Kd6 44. Rc4 Be2+ 45. Ke1 Bxc4 46. Bxc4 Rg2 47. Bb3 Rxg3 48. Kf2 Rg4 49. Kf3 Rxh4 50. Ke4 g5 0-1


[Site "https://www.chess.com"]

[Event "Titled Tuesday Blitz April 12 Late 2022"]
[White "Vusatiuk, Vladimir"]
[Black "Kosteniuk, Alexandra"]
[WhiteFideId "14118610"]
[BlackFideId "4128125"]
[WhiteElo "2157"]
[BlackElo "2469"]
[Result "0-1"]
[Round "09"]
[TimeControl "180+1"]
[Date "2022.04.12"]
[WhiteClock "0:00:03"]
[BlackClock "0:00:41"]

1. d4 Nf6 2. c4 e6 3. Nc3 Bb4 4. e3 b6 5. Nf3 Ne4 6. Qc2 Bb7 7. Bd3 f5 8. O-O Bxc3 9. bxc3 O-O 10. Nd2 Ng5 11. f4 Nf7 12. Ba3 d6 13. e4 Nh6 14. c5 dxc5 15. dxc5 Nd7 16. c6 Bxc6 17. Bxf8 Qxf8 18. exf5 exf5 19. Nf3 Nc5 20. Nd4 Nxd3 21. Nxc6 Nc5 22. Rae1 Re8 23. Rxe8 Qxe8 24. Ne5 Qe6 25. Rd1 Nf7 26. Nxf7 Kxf7 27. Qd2 c6 28. h3 h6 29. Kh2 Qc4 30. Qd6 Ne6 31. Re1 Qxf4+ 32. Qxf4 Nxf4 33. Rf1 g5 34. g3 Nd5 35. Rxf5+ Ke6 36. Rf3 b5 37. Kg2 a5 38. Kf2 h5 39. Ke2 g4 40. hxg4 hxg4 41. Rd3 c5 42. Kd2 Ke5 43. Kc2 Ke4 44. Rd2 Ne3+ 45. Kc1 Nf5 46. Rd8 Nxg3 47. Rg8 Kf4 48. Rc8 Ne4 49. Rf8+ Ke3 50. Rg8 g3 51. c4 bxc4 52. Kc2 Kf3 53. Rf8+ Kg4 54. Rg8+ Ng5 55. Rb8 g2 56. Rb1 Ne4 57. Rg1 Kf3 58. a4 Kf2 59. Rc1 g1=Q 60. Rxg1 Kxg1 0-1


[Site "https://www.chess.com"]

[Event "Titled Tuesday Blitz April 12 Late 2022"]
[White "Winkels, Marcel"]
[Black "Prado, Alexandra"]
[WhiteFideId "1003887"]
[BlackFideId "3301346"]
[WhiteElo "1900"]
[BlackElo "1678"]
[Result "1-0"]
[Round "09"]
[TimeControl "180+1"]
[Date "2022.04.13"]
[WhiteClock "0:01:04"]
[BlackClock "0:00:08"]

1. e4 c5 2. Nf3 Nc6 3. Bb5 g6 4. O-O Bg7 5. Re1 Nd4 6. Bc4 e6 7. c3 Nc6 8. d4 cxd4 9. cxd4 Nge7 10. d5 Ne5 11. Nxe5 Bxe5 12. Nc3 O-O 13. Bg5 f6 14. Bh6 Re8 15. Qb3 Qb6 16. Be3 Qxb3 17. axb3 exd5 18. exd5 Kg7 19. Rxa7 Rxa7 20. Bxa7 d6 21. Bb5 Rf8 22. g3 Bh3 23. f4 Nf5 24. fxe5 fxe5 25. Ne4 Nd4 26. Bxd4 exd4 27. Ng5 Kh6 28. Nxh3 1-0


[Site "https://www.chess.com"]

[Event "Titled Tuesday Blitz April 12 Late 2022"]
[White "Xiong, Jeffery"]
[Black "Indjic, Aleksandar"]
[WhiteFideId "2047640"]
[BlackFideId "911925"]
[WhiteElo "2727"]
[BlackElo "2616"]
[Result "1-0"]
[Round "09"]
[TimeControl "180+1"]
[Date "2022.04.12"]
[WhiteClock "0:00:37"]
[BlackClock "0:00:02"]

1. e4 c5 2. Nf3 d6 3. Nc3 Nf6 4. d4 cxd4 5. Qxd4 a6 6. Nd5 Nbd7 7. Bg5 h6 8. Bxf6 Nxf6 9. Nb6 e5 10. Nxe5 dxe5 11. Qxd8+ Kxd8 12. Nxa8 Bc5 13. O-O-O+ Bd7 14. Bc4 Kc8 15. Rhf1 Kb8 16. b4 Ba7 17. f4 Bc6 18. fxe5 Ng4 19. Nc7 Nxe5 20. Nxa6+ bxa6 21. Bxa6 f6 22. c4 Be3+ 23. Kb2 Kc7 24. Bb5 Bxb5 25. cxb5 Ra8 26. Kb3 Kb7 27. a4 Rc8 28. a5 h5 29. Rd6 Rc7 30. Rfd1 h4 31. R1d5 Rc8 32. b6 Rc1 33. Ka4 Rc8 34. Kb5 Kb8 35. a6 Nc4 36. Rc6 Na3+ 37. Ka4 Rxc6 38. Rd8+ Rc8 39. a7+ Kb7 40. Rxc8 1-0


[Site "https://www.chess.com"]

[Event "Titled Tuesday Blitz April 12 Late 2022"]
[White "Yedidia, Daniel"]
[Black "Ronka, Erik"]
[WhiteFideId "30905907"]
[BlackFideId "505080"]
[WhiteElo "2601"]
[BlackElo "2264"]
[Result "0-1"]
[Round "09"]
[TimeControl "180+1"]
[Date "2022.04.13"]
[WhiteClock "0:00:05"]
[BlackClock "0:00:14"]

1. d4 d5 2. c4 c6 3. Nf3 Nf6 4. Nc3 e6 5. e3 Nbd7 6. Bd3 dxc4 7. Bxc4 b5 8. Be2 a6 9. e4 b4 10. e5 bxc3 11. exf6 cxb2 12. fxg7 bxa1=Q 13. gxh8=Q Qa5+ 14. Bd2 Qxd1+ 15. Bxd1 Qf5 16. O-O Bb7 17. Bg5 f6 18. Bh4 O-O-O 19. Qg8 Bd6 20. Qg7 Re8 21. Ba4 Re7 22. Qh8+ Kc7 23. h3 Qg6 24. Ne5 Bxe5 25. Bc2 f5 26. dxe5 Re8 27. Qf6 Nxf6 28. exf6 c5 29. f3 Rf8 30. Bb3 Rxf6 31. Bxf6 Qxf6 32. Re1 Bd5 33. Ba4 c4 34. Rf1 c3 35. Kh2 Qe5+ 36. Kh1 Qd4 37. Rc1 Qxa4 38. Rxc3+ Bc6 0-1


[Site "https://www.chess.com"]

[Event "Titled Tuesday Blitz April 12 Late 2022"]
[White "Zhigalko, Sergei"]
[Black "Bortnyk, Olexandr"]
[WhiteFideId "13502956"]
[BlackFideId "14120828"]
[WhiteElo "2662"]
[BlackElo "2723"]
[Result "1-0"]
[Round "09"]
[TimeControl "180+1"]
[Date "2022.04.12"]
[WhiteClock "0:00:07"]
[BlackClock "0:00:07"]

1. e4 Nf6 2. e5 Nd5 3. Nf3 d6 4. d4 dxe5 5. Nxe5 c6 6. Be2 Bf5 7. O-O Nd7 8. Nf3 e6 9. c4 N5f6 10. Bf4 Be7 11. Nc3 O-O 12. a3 Ne4 13. Re1 Nxc3 14. bxc3 Qa5 15. Qb3 b6 16. a4 Rac8 17. Bf1 Rfd8 18. h3 h6 19. Rad1 Nf6 20. Ne5 Ne4 21. Re3 Bd6 22. g4 Bh7 23. Bg2 Bxe5 24. Bxe5 Nd6 25. h4 Qa6 26. Bf1 Qa5 27. Rde1 c5 28. d5 Ne8 29. dxe6 fxe6 30. Bg3 Nf6 31. g5 hxg5 32. hxg5 Nh5 33. Rxe6 Nxg3 34. fxg3 Bf5 35. Re7 Rf8 36. Bg2 Rcd8 37. Bd5+ Kh7 38. Kg2 Kg6 39. R1e2 b5 40. Qxb5 Qxc3 41. Qxc5 Bh3+ 42. Kxh3 Rc8 43. Qd6+ Kxg5 44. Qe5+ Qxe5 45. R7xe5+ Kh6 46. Kg2 g6 47. Re7 a5 48. R7e6 Rb8 49. Be4 Rg8 50. Rd2 Rb4 51. Bd5 Rxa4 52. Rb6 Rg7 53. Kh3 Ra1 54. Kg4 Rc7 55. Re2 Rd1 56. Ree6 Rd4+ 57. Kh3 Rg7 58. Re8 Kg5 59. Re5+ Kh6 60. Ra6 Rc7 61. Ree6 Rg7 62. Rxa5 Rd1 63. Raa6 Rd4 64. Re4 Rd3 65. Rh4+ Kg5 66. Rg4+ Kh5 67. Be4 Rd1 68. Bxg6+ Rxg6 69. Rgxg6 Rh1+ 70. Kg2 Rg1+ 71. Kf3 Rf1+ 72. Ke4 Re1+ 73. Kf5 Rf1+ 74. Ke6 Kxg6 75. c5 Rc1 76. Kd6 Kf6 77. c6 Rd1+ 78. Kc7 Ke7 79. Ra3 Re1 80. g4 Re5 81. Rd3 Re4 82. g5 Ra4 83. Re3+ Kf7 84. Kd7 Rd4+ 85. Kc8 Ra4 86. c7 Ra1 87. Re4 Rb1 88. Kd7 Rd1+ 89. Kc6 Rc1+ 90. Kd6 Rb1 91. Re5 Rb6+ 92. Kd7 Rb7 93. Kd8 Kg7 94. c8=Q Rb2 95. Qd7+ Kg6 96. Qe6+ Kh5 97. Qh6+ Kg4 98. Qe6+ Kh5 99. Qd6 Ra2 100. g6+ Kh6 101. g7+ Kh7 102. g8=Q+ Kxg8 103. Qg6+ Kh8 104. Rh5# 1-0


[Site "https://www.chess.com"]

[Event "Titled Tuesday Blitz April 12 Late 2022"]
[White "Zhou, Qiyu"]
[Black "Noboa Silva, Kevin"]
[WhiteFideId "505161"]
[BlackFideId "3618471"]
[WhiteElo "1925"]
[BlackElo "2172"]
[Result "0-1"]
[Round "09"]
[TimeControl "180+1"]
[Date "2022.04.13"]
[WhiteClock "0:00:25"]
[BlackClock "0:00:40"]

1. e4 c5 2. Nf3 e6 3. d4 cxd4 4. Nxd4 Nc6 5. Nc3 a6 6. a3 Nf6 7. Be3 Be7 8. Be2 O-O 9. O-O Qc7 10. h3 b5 11. Qd2 Bb7 12. Rad1 Nxd4 13. Bxd4 Nxe4 14. Nxe4 Bxe4 15. c3 d5 16. f3 Bg6 17. f4 Bc5 18. Kh1 Bxd4 19. Qxd4 Be4 20. Bf3 Qxf4 21. Bxe4 Qxe4 22. Qf2 Qg6 23. Rd4 f5 24. Re1 Rae8 25. Re5 Qf6 26. Qe1 f4 27. Rdxd5 f3 28. gxf3 Qxf3+ 29. Kg1 Qxh3 30. Rd4 Rf6 31. Rg5 Ref8 32. Rd1 Rf1+ 33. Qxf1 Rxf1+ 34. Rxf1 Qe3+ 0-1


[Site "https://www.chess.com"]

[Event "Titled Tuesday Blitz April 12 Late 2022"]
[White "profaVa"]
[Black "Tanenbaum, Zachary"]
[BlackFideId "2060850"]
[WhiteElo "2410"]
[BlackElo "2168"]
[Result "0-1"]
[Round "09"]
[TimeControl "180+1"]
[Date "2022.04.13"]
[WhiteClock "0:00:03"]
[BlackClock "0:01:28"]

1. e4 e5 2. Bc4 Nc6 3. d3 Nf6 4. Nc3 Na5 5. f4 Nxc4 6. dxc4 Bb4 7. fxe5 Nxe4 8. Qf3 Nxc3 9. bxc3 Qh4+ 10. g3 Qd4 11. Ne2 Qxe5 12. O-O Bc5+ 13. Kh1 O-O 14. Bf4 Qf6 15. Qh5 d6 16. Rae1 Bf5 17. Nd4 Bg6 18. Qd1 Rfe8 19. Nb3 Be4+ 20. Rf3 Bxf3+ 21. Qxf3 Rxe1+ 22. Kg2 Rg1+ 23. Kh3 Qf5+ 24. Qg4 Qxg4+ 25. Kxg4 Re8 26. h4 Rg2 27. Nxc5 dxc5 28. h5 Rxc2 29. h6 gxh6 30. Kh5 Rxc3 31. Bxc7 Rxc4 32. g4 Rce4 33. a4 c4 34. a5 c3 35. a6 bxa6 36. Be5 c2 37. g5 R8xe5 38. Kxh6 Rh4# 0-1


[Site "https://www.chess.com"]

[Event "Titled Tuesday Blitz April 12 Late 2022"]
[White "Akrakan"]
[Black "Harish, Neeraj"]
[BlackFideId "30958130"]
[WhiteElo "2163"]
[BlackElo "1574"]
[Result "1-0"]
[Round "10"]
[TimeControl "180+1"]
[Date "2022.04.13"]
[WhiteClock "0:00:37"]
[BlackClock "0:00:01"]

1. e4 c5 2. Nf3 Nc6 3. c3 Nf6 4. e5 Nd5 5. d4 cxd4 6. cxd4 d6 7. exd6 Bg4 8. dxe7 Qxe7+ 9. Be2 Bxf3 10. gxf3 O-O-O 11. Nc3 Ndb4 12. Be3 g6 13. a3 Nd5 14. Nxd5 Rxd5 15. Qb3 Rd8 16. O-O-O Bg7 17. d5 Na5 18. Qa4 b6 19. Kb1 Kb8 20. Rhe1 Qb7 21. Bf4+ Ka8 22. Bd3 Rd7 23. Bb5 Rdd8 24. d6 a6 25. Bc4 Nxc4 26. Qxc4 Rc8 27. Qb3 Qc6 28. Re7 1-0


[Site "https://www.chess.com"]

[Event "Titled Tuesday Blitz April 12 Late 2022"]
[White "Aldokhin, Ivan"]
[Black "Pranav, V"]
[WhiteFideId "24115720"]
[BlackFideId "25060783"]
[WhiteElo "2231"]
[BlackElo "2349"]
[Result "1-0"]
[Round "10"]
[TimeControl "180+1"]
[Date "2022.04.12"]
[WhiteClock "0:00:21"]
[BlackClock "0:01:36"]

1. e4 e5 2. Nf3 Nf6 3. d4 exd4 4. e5 Ne4 5. Qxd4 d5 6. exd6 Nxd6 7. Nc3 Nc6 8. Qe3+ Be7 9. Bd2 O-O 10. O-O-O Bf6 11. Nd5 Re8 12. Nxf6+ Qxf6 13. Qf4 Qe6 14. Bd3 Qxa2 15. Bc3 Be6 16. Qg5 f6 17. Bxf6 Qa1+ 18. Kd2 Qa5+ 19. Bc3 Nc4+ 20. Bxc4 Rad8+ 21. Bd3 Qxg5+ 22. Nxg5 Bf5 23. Rhe1 Rf8 24. f3 Bxd3 25. cxd3 Rf5 26. Ne6 Rd7 27. Re4 Rfd5 28. Nf4 R5d6 29. h4 b5 30. b4 g6 31. Re6 1-0


[Site "https://www.chess.com"]

[Event "Titled Tuesday Blitz April 12 Late 2022"]
[White "Antonova, Nadezhda"]
[Black "Winkels, Marcel"]
[WhiteFideId "14700182"]
[BlackFideId "1003887"]
[WhiteElo "1789"]
[BlackElo "1900"]
[Result "0-1"]
[Round "10"]
[TimeControl "180+1"]
[Date "2022.04.13"]
[WhiteClock "0:00:01"]
[BlackClock "0:00:01"]

1. Nf3 Nf6 2. b3 g6 3. Bb2 Bg7 4. g3 O-O 5. Bg2 d6 6. d4 e5 7. dxe5 Nfd7 8. c4 Nc6 9. O-O Ndxe5 10. Qd2 Bg4 11. Nc3 Bxf3 12. exf3 Re8 13. Nd5 Ne7 14. f4 Nxd5 15. Bxd5 Nc6 16. Bxg7 Kxg7 17. Rfe1 Qf6 18. Rad1 a5 19. Re3 Rab8 20. Rde1 Rxe3 21. Qxe3 Nb4 22. a3 Nxd5 23. cxd5 Qb2 24. Rc1 Rc8 25. a4 Qf6 26. Qc3 Qxc3 27. Rxc3 Kf6 28. Kf1 Ke7 29. Ke2 Kd7 30. Kd3 Re8 31. Kc4 Re2 32. Rf3 f5 33. Kb5 Rd2 34. Kxa5 Rxd5+ 35. Kb4 Rd2 36. Kc3 Ra2 37. h3 c6 38. Kb4 d5 39. Kc5 Rc2+ 40. Kb6 d4 41. Rd3 c5 42. Kxb7 Rc3 43. Rd2 Rxb3+ 44. Ka6 Kc6 45. a5 d3 46. Ka7 c4 47. a6 Kc7 48. Ka8 Kb6 49. Ra2 Kc7 50. Rd2 Ra3 51. a7 Rb3 52. Ra2 c3 0-1


[Site "https://www.chess.com"]

[Event "Titled Tuesday Blitz April 12 Late 2022"]
[White "Ashiev, Eduard"]
[Black "Putri, Regita Desyari"]
[WhiteFideId "4130090"]
[BlackFideId "7109083"]
[WhiteElo "2004"]
[BlackElo "1930"]
[Result "0-1"]
[Round "10"]
[TimeControl "180+1"]
[Date "2022.04.13"]
[WhiteClock "0:00:04"]
[BlackClock "0:00:59"]

1. d4 Nf6 2. c4 e6 3. Nc3 d5 4. Nf3 Be7 5. Bf4 O-O 6. e3 dxc4 7. Bxc4 b6 8. O-O Ba6 9. Bxa6 Nxa6 10. Ne5 Bd6 11. Qf3 Nb4 12. Rad1 Nbd5 13. Bg3 Nxc3 14. bxc3 Qc8 15. Nc6 Kh8 16. Bh4 Nd7 17. e4 e5 18. d5 f6 19. Qe2 a5 20. Rd3 Nb8 21. Rh3 Nxc6 22. Qh5 Qe8 23. Qxe8 Rfxe8 24. dxc6 Kg8 25. Rd3 Kf7 26. Rfd1 Ke6 27. f3 b5 28. Bf2 Ra6 29. Rd5 Rb8 30. Bc5 Rxc6 31. Bf2 Rxc3 32. h4 a4 33. h5 h6 34. Rb1 b4 35. Be1 Rc4 36. Ra5 b3 37. axb3 axb3 38. Kh2 Rc2 39. Ra6 b2 40. Ra2 c5 41. Bg3 c4 0-1


[Site "https://www.chess.com"]

[Event "Titled Tuesday Blitz April 12 Late 2022"]
[White "Barria Zuniga, Daniel"]
[Black "Martic, Ivan"]
[WhiteFideId "3400816"]
[BlackFideId "929301"]
[WhiteElo "2414"]
[BlackElo "2317"]
[Result "0-1"]
[Round "10"]
[TimeControl "180+1"]
[Date "2022.04.13"]
[WhiteClock "0:00:20"]
[BlackClock "0:01:14"]

1. d4 Nf6 2. c4 g6 3. Nc3 d5 4. Bf4 Bg7 5. e3 O-O 6. Rc1 c5 7. dxc5 Be6 8. Nf3 Nc6 9. Ng5 Bg4 10. f3 e5 11. cxd5 exf4 12. fxg4 Qe7 13. dxc6 Qxe3+ 14. Be2 Rad8 15. Qc2 Nxg4 16. Nge4 Rfe8 17. cxb7 Bxc3+ 18. Qxc3 Qxe4 19. O-O Qxe2 20. c6 Ne3 21. Rf2 Rd1+ 0-1


[Site "https://www.chess.com"]

[Event "Titled Tuesday Blitz April 12 Late 2022"]
[White "Bortnyk, Olexandr"]
[Black "Urazayev, Arystanbek"]
[WhiteFideId "14120828"]
[BlackFideId "13709810"]
[WhiteElo "2723"]
[BlackElo "2422"]
[Result "1-0"]
[Round "10"]
[TimeControl "180+1"]
[Date "2022.04.12"]
[WhiteClock "0:00:07"]
[BlackClock "0:00:04"]

1. f3 e5 2. Nh3 d5 3. g3 h5 4. Nf2 h4 5. g4 c5 6. d3 Nc6 7. c3 Nge7 8. Bh3 Ng6 9. e3 Bd6 10. Qe2 O-O 11. Na3 a6 12. Nc2 b5 13. Bd2 a5 14. a3 a4 15. Rg1 Na5 16. g5 Bxh3 17. Nxh3 Nb3 18. Rd1 d4 19. Rg4 f5 20. gxf6 Qxf6 21. Qg2 Ne7 22. Ng5 Qh6 23. Qh3 Ng6 24. Ke2 Nxd2 25. Kxd2 dxe3+ 26. Nxe3 e4 27. Rxe4 Qxg5 28. Qe6+ Kh7 29. Qxd6 Rad8 30. Qe6 Rxf3 31. Kc2 Rf2+ 32. Kb1 Rxh2 33. Rg4 Qh5 34. Rdg1 h3 35. Rxg6 Rg8 36. Qf7 Qe5 37. Rh6+ Kxh6 38. Qg6# 1-0


[Site "https://www.chess.com"]

[Event "Titled Tuesday Blitz April 12 Late 2022"]
[White "Bryakin, Mikhail"]
[Black "Koziorowicz, Michal"]
[WhiteFideId "4165314"]
[BlackFideId "21809194"]
[WhiteElo "2417"]
[BlackElo "2235"]
[Result "1/2-1/2"]
[Round "10"]
[TimeControl "180+1"]
[Date "2022.04.12"]
[WhiteClock "0:01:48"]
[BlackClock "0:01:36"]

1. e4 c5 2. Nf3 d6 3. Bb5+ Bd7 4. a4 g6 5. O-O Bg7 6. d3 Nc6 7. Nc3 Nf6 8. h3 O-O 9. Be3 a6 10. Bxc6 Bxc6 11. a5 b5 12. axb6 Qxb6 13. Qd2 Rfb8 14. b3 Nd7 15. Ra2 Qb4 16. Ne2 Qxd2 17. Nxd2 a5 18. Nc4 a4 19. bxa4 Rxa4 20. Rxa4 Bxa4 21. Rc1 Ne5 22. Nxe5 Bxe5 23. c3 Rb2 24. Nf4 Bc2 25. Nd5 e6 26. Ne7+ Kf8 27. Nc6 Bxc3 28. d4 cxd4 29. Nxd4 Bxd4 30. Bxd4 Ra2 31. f3 f5 32. exf5 gxf5 33. Ra1 Rxa1+ 34. Bxa1 e5 35. f4 e4 36. Kf2 Kf7 37. g4 Ke6 38. Ke3 Bd1 39. g5 Kd5 40. h4 Kc4 41. Bf6 Bh5 42. Bg7 Kb3 43. Kd2 Bg6 44. Bf6 Kc4 45. Bg7 Bf7 46. Ke3 Kb3 47. Kd2 d5 48. Bf6 Kc4 49. Ke3 Bh5 50. Bg7 Bg6 51. Bf6 Bf7 52. Bg7 Kb3 53. Kd2 Kc4 54. Ke3 Bh5 55. Bf6 Bg6 56. Bg7 Bh5 57. Bf6 Bg6 58. Bg7 Bh5 1/2-1/2


[Site "https://www.chess.com"]

[Event "Titled Tuesday Blitz April 12 Late 2022"]
[White "Caruana, Fabiano"]
[Black "Svane, Rasmus"]
[WhiteFideId "2020009"]
[BlackFideId "4657101"]
[WhiteElo "2744"]
[BlackElo "2645"]
[Result "1-0"]
[Round "10"]
[TimeControl "180+1"]
[Date "2022.04.12"]
[WhiteClock "0:02:00"]
[BlackClock "0:00:12"]

1. d4 Nf6 2. c4 e6 3. Nc3 Bb4 4. e3 O-O 5. a3 Bxc3+ 6. bxc3 b6 7. Bd3 Bb7 8. f3 c5 9. e4 Nc6 10. Nh3 Ne8 11. Be3 Rc8 12. O-O Na5 13. d5 Ba6 14. Qe2 Nd6 15. e5 Ndxc4 16. Bg5 Qc7 17. Qe4 g6 18. Bf6 Nd6 19. exd6 Qxd6 20. Bxa6 exd5 21. Qe7 1-0


[Site "https://www.chess.com"]

[Event "Titled Tuesday Blitz April 12 Late 2022"]
[White "Curtis, John"]
[Black "Melikhov, Evgeny V."]
[WhiteFideId "3200256"]
[BlackFideId "4122046"]
[WhiteElo "2203"]
[BlackElo "1931"]
[Result "0-1"]
[Round "10"]
[TimeControl "180+1"]
[Date "2022.04.13"]
[WhiteClock "0:00:15"]
[BlackClock "0:01:45"]

1. e4 c5 2. Nf3 d6 3. d4 cxd4 4. Nxd4 Nf6 5. Nc3 a6 6. Bg5 e6 7. f4 Nbd7 8. Qf3 Qc7 9. O-O-O b5 10. e5 Bb7 11. Qh3 dxe5 12. Nxe6 fxe6 13. Qxe6+ Be7 14. Bxb5 axb5 15. Nxb5 Qc6 16. Nd6+ Kd8 17. fxe5 Kc7 18. Qxe7 Nd5 19. Qf7 Rhf8 20. Qxg7 Rxa2 21. Kb1 Qa4 22. Nb5+ Qxb5 23. Kxa2 Nc3+ 0-1


[Site "https://www.chess.com"]

[Event "Titled Tuesday Blitz April 12 Late 2022"]
[White "Dahlgren, James Allen"]
[Black "Maranhao,Jose Renato Ruiz"]
[WhiteFideId "22256873"]
[BlackFideId "2135175"]
[WhiteElo "2089"]
[BlackElo "1970"]
[Result "0-1"]
[Round "10"]
[TimeControl "180+1"]
[Date "2022.04.13"]
[WhiteClock "0:00:58"]
[BlackClock "0:00:06"]

1. d3 d5 2. f4 g6 3. Nf3 Bg7 4. g3 c5 5. Bg2 Nc6 6. Nbd2 Nf6 7. e4 dxe4 8. dxe4 Bg4 9. c3 Qd3 10. Qe2 Qxe2+ 11. Kxe2 e5 12. h3 Bxf3+ 13. Kxf3 exf4 14. gxf4 O-O-O 15. e5 Nh5 16. Ne4 Bxe5 17. fxe5 Nxe5+ 18. Kf2 Nd3+ 19. Ke3 Rhe8 20. Kd2 Ndf4+ 21. Kc2 Nxg2 22. Nxc5 Re2+ 23. Kb3 b6 24. Na4 Ng3 25. Rg1 Ne4 26. Bh6 b5 27. Rxg2 Rxg2 28. Re1 bxa4+ 29. Kxa4 Nd2 30. Re7 Nc4 31. Bf4 Nxb2+ 32. Kb3 Rd7 33. Re8+ Kb7 34. Rb8+ Kc6 35. Ka3 Nd3 36. Kb3 Nxf4 37. Rb4 Rb7 38. Rxb7 Kxb7 0-1


[Site "https://www.chess.com"]

[Event "Titled Tuesday Blitz April 12 Late 2022"]
[White "Dauner, Benedikt"]
[Black "Renjith, Sravan"]
[WhiteFideId "16225899"]
[BlackFideId "4306783"]
[WhiteElo "2230"]
[BlackElo "1863"]
[Result "1-0"]
[Round "10"]
[TimeControl "180+1"]
[Date "2022.04.13"]
[WhiteClock "0:00:26"]
[BlackClock "0:00:07"]

1. d4 d5 2. Nf3 e6 3. Bf4 c5 4. c3 Bd6 5. e3 Bxf4 6. exf4 cxd4 7. Nxd4 Nf6 8. Nd2 Nc6 9. N2f3 Qc7 10. g3 Ne4 11. Bd3 Qb6 12. Qc2 Nc5 13. Bxh7 g6 14. Bxg6 fxg6 15. Qxg6+ Kf8 16. Ng5 Qc7 17. O-O-O Nxd4 18. Rxd4 Qg7 19. Qc2 a5 20. h4 b6 21. Re1 Bd7 22. Qd2 Qf6 23. Qe3 Re8 24. Nf3 Re7 25. Ne5 Be8 26. Kb1 Bg6+ 27. Ka1 a4 28. Rb4 Rb7 29. Rxb6 Rc7 30. Qxc5+ Rxc5 31. Nd7+ Kg7 32. Nxf6 Kxf6 33. Rexe6+ Kf7 34. Rxg6 Re8 35. Rgf6+ Kg7 36. Rfe6 Rxe6 37. Rxe6 d4 38. Re4 dxc3 39. bxc3 a3 40. c4 Rc8 41. Re3 Rd8 42. Rxa3 Rd1+ 43. Kb2 Rd2+ 1-0


[Site "https://www.chess.com"]

[Event "Titled Tuesday Blitz April 12 Late 2022"]
[White "Dimakiling, Oliver"]
[Black "Lashkin, Jegor"]
[WhiteFideId "5202248"]
[BlackFideId "13907808"]
[WhiteElo "2426"]
[BlackElo "2368"]
[Result "1-0"]
[Round "10"]
[TimeControl "180+1"]
[Date "2022.04.12"]
[WhiteClock "0:00:32"]
[BlackClock "0:00:04"]

1. c4 e5 2. Nc3 Nf6 3. Nf3 Nc6 4. e4 Bb4 5. d3 d6 6. h3 a5 7. a3 Bc5 8. Be2 h6 9. O-O Nd4 10. Nxd4 Bxd4 11. Be3 Bxe3 12. fxe3 c6 13. Rb1 O-O 14. Qe1 Be6 15. Qg3 Nd7 16. d4 exd4 17. exd4 Qb6 18. Qxd6 Rad8 19. c5 Qa7 20. Qg3 Kh8 21. Rbd1 f5 22. Kh2 Bb3 23. Rd2 Nxc5 24. exf5 Nd7 25. Ne4 Bd5 26. Nc3 Nf6 27. Rf4 Qb6 28. Bf3 Bf7 29. Rh4 Rde8 30. Ne4 Qd8 31. Nd6 Re7 32. Re2 Bd5 33. Bxd5 Nxd5 34. Re6 Rd7 35. Rexh6+ gxh6 36. Rxh6+ Rh7 37. Qe5+ Nf6 38. Rg6 Qe7 39. Qg3 Nh5 40. Qg4 Nf6 41. Qg3 b5 42. b4 axb4 43. axb4 Rd8 44. Qe5 Qxd6 45. Rxf6 Qxe5+ 46. dxe5 Re7 47. e6 Rd4 48. g4 Rxb4 49. g5 Rf4 50. Kg3 Rf1 51. Kg4 b4 52. Rf8+ Kg7 53. Rb8 c5 54. h4 Rg1+ 55. Kf4 Rf1+ 56. Ke5 Re1+ 57. Kd6 Ra7 58. f6+ Kg6 59. e7 Rd1+ 60. Kxc5 Kf7 61. e8=Q# 1-0


[Site "https://www.chess.com"]

[Event "Titled Tuesday Blitz April 12 Late 2022"]
[White "Dubov, Daniil"]
[Black "Rasulov, Vugar"]
[WhiteFideId "24126055"]
[BlackFideId "13402390"]
[WhiteElo "2791"]
[BlackElo "2560"]
[Result "1-0"]
[Round "10"]
[TimeControl "180+1"]
[Date "2022.04.12"]
[WhiteClock "0:00:46"]
[BlackClock "0:00:39"]

1. e4 e5 2. Nf3 Nc6 3. Nc3 Nf6 4. d4 exd4 5. Nxd4 Nxe4 6. Nxe4 Qe7 7. Bd3 Nxd4 8. O-O Ne6 9. Re1 d5 10. Ng5 h6 11. Qh5 hxg5 12. Qxh8 Bd7 13. Qh5 O-O-O 14. Be3 g6 15. Qf3 d4 16. Bd2 f5 17. Ba6 c6 18. Bc4 g4 19. Qb3 Re8 20. Re2 b5 21. Bxe6 Bxe6 22. Qg3 Qd7 23. Rae1 Kb7 24. a3 c5 25. b3 Qc6 26. Bf4 Bf7 27. Rxe8 Bxe8 28. Qh4 Bd7 29. Qd8 Qc8 30. Qf6 Qc6 31. Qxf8 1-0


[Site "https://www.chess.com"]

[Event "Titled Tuesday Blitz April 12 Late 2022"]
[White "Friedel, Tom"]
[Black "Bachmann, Axel"]
[WhiteFideId "2002108"]
[BlackFideId "3700488"]
[WhiteElo "2383"]
[BlackElo "2587"]
[Result "1-0"]
[Round "10"]
[TimeControl "180+1"]
[Date "2022.04.13"]
[WhiteClock "0:00:37"]
[BlackClock "0:00:05"]

1. e4 c5 2. Nf3 d6 3. c3 Nf6 4. Bd3 Nc6 5. Bc2 Bg4 6. d3 g6 7. Nbd2 Bg7 8. O-O O-O 9. h3 Bxf3 10. Nxf3 e5 11. Bd2 Ne8 12. Qc1 Nc7 13. Bh6 Ne6 14. Bxg7 Kxg7 15. Bb3 Qe7 16. Qd2 b5 17. a4 b4 18. Bd5 bxc3 19. bxc3 Rac8 20. Rfb1 Rc7 21. Rb5 Rfc8 22. Rab1 Nf4 23. Bc4 h6 24. Kh2 Qf6 25. R1b2 g5 26. Ng1 h5 27. g3 Ne6 28. Kg2 Kg6 29. Ne2 g4 30. h4 Qf3+ 31. Kg1 Qf6 32. Qe3 Kg7 33. Kg2 Kf8 34. Rb1 Ke7 35. Rf1 Qg6 36. Bd5 Rf8 37. Bxc6 Rxc6 38. d4 cxd4 39. cxd4 Rc4 40. dxe5 Qxe4+ 41. Qxe4 Rxe4 42. exd6+ Kxd6 43. Rd1+ Ke7 44. Nc3 Rc4 45. Nd5+ Kd6 46. Ne3+ Rd4 47. Nf5+ Kc6 48. Nxd4+ Nxd4 49. Rxd4 Re8 50. Rc4+ Kd6 51. Rxh5 Re2 52. Rg5 Ra2 53. Rcxg4 a5 54. Rf4 Ke7 55. Rgf5 Kf8 56. Rxf7+ Kg8 57. h5 Kh8 58. h6 Ra1 59. R7f5 Rb1 60. Rxa5 Rc1 61. Rb4 Rc8 62. Rb7 Rd8 63. Raa7 Re8 64. Rh7+ Kg8 65. Rag7+ Kf8 66. Rh8# 1-0


[Site "https://www.chess.com"]